 Dungeon Crawl Stone Soup version 0.20.0-8-g6b59dc7 (webtiles) character file.

627 Amnesiac the Vexing (level 7, -1/36 HPs)
             Began as a Deep Elf Enchanter on May 30, 2017.
             Slain by a centaur (10 damage)
             ... on level 5 of the Dungeon.
             The game lasted 00:08:25 (3380 turns).

Amnesiac the Vexing (Deep Elf Enchanter)            Turns: 3380, Time: 00:08:25

Health: -1/36      AC:  3    Str:  5    XL:     7   Next: 23%
Magic:  0/15       EV: 18    Int: 20    God:
Gold:   155        SH:  6    Dex: 22    Spells: 1/14 levels left

rFire    . . .     SeeInvis .   i - +2 dagger (pain)
rCold    . . .     Gourm    .   n - +0 buckler (curse)
rNeg     . . .     Faith    .   b - +0 robe
rPois    .         Spirit   .   (no helmet)
rElec    .         Reflect  .   (no cloak)
rCorr    .         Harm     .   e - +0 pair of gloves
MR       .....                  (no boots)
Stlth    +++++.....             (no amulet)
Regen    0.2/turn               (no ring)
MPRegen  0.2/turn               (no ring)

@: agile
A: no striking features
a: no special abilities


You were on level 5 of the Dungeon.
You were hungry.

You visited 1 branch of the dungeon, and saw 5 of its levels.
You also visited: Ossuary.

You collected 155 gold pieces.

Inventory:

Hand Weapons
 i - a +2 dagger of pain (weapon)
Missiles
 a - 60 stones (quivered)
Armour
 b - a +0 robe (worn)
 e - a +0 pair of gloves (worn)
 n - a cursed +0 buckler (worn)
Scrolls
 o - a scroll of teleportation {!r, unknown}
 p - a scroll of remove curse {!r, unknown}
 r - a scroll of random uselessness {!r}
Potions
 k - a potion of curing {!q}
 q - a potion of flight {!q}
Books
 c - a book of Maledictions

   Spells                             Type                      Level
   a - Corona                         Hexes                        1
   b - Ensorcelled Hibernation        Hexes/Ice                    2
   c - Confuse                        Hexes                        3
   d - Tukima's Dance                 Hexes                        3
   e - Dazzling Spray                 Conjuration/Hexes            3
 l - a book of Minor Magic

   Spells                             Type                      Level
   a - Magic Dart                     Conjuration                  1
   b - Blink                          Translocation                2
   c - Call Imp                       Summoning                    2
   d - Slow                           Hexes                        2
   e - Conjure Flame                  Conjuration/Fire             3
   f - Mephitic Cloud                 Conjuration/Poison/Air       3
Comestibles
 d - 5 bread rations
 j - 2 fruits
 m - a meat ration


   Skills:
 + Level 2.3 Short Blades
 - Level 2.4 Dodging
 * Level 6.0 Stealth
 - Level 4.0 Shields
 + Level 4.0 Spellcasting
 * Level 6.1 Hexes


You had one spell level left.
You knew the following spells:

 Your Spells              Type           Power        Failure   Level  Hunger
a - Ensorcelled Hibernat  Hex/Ice        ###...       5%          2    #......
b - Blink                 Tloc           N/A          19%         2    #......
c - Corona                Hex            ####...      1%          1    None
d - Call Imp              Summ           #.......     19%         2    #......
e - Confuse               Hex            ####....     3%          3    ###....
w - Tukima's Dance        Hex            ####....     3%          3    ###....


Dungeon Overview and Level Annotations

Branches:
Dungeon (5/15)
 Temple: D:4-7

Altars:
Makhleb
Trog
Uskayaw
Xom

Shops:
D:4 }

Annotations:
D:2 Sigmund


Message History

* * * LOW HITPOINT WARNING * * *
You block the centaur's attack.
Really quaff
k - 2 potions of curing {!q}?
You feel better. You block the centaur's attack.
Really read
f - 3 scrolls of identify {!r}?
As you read the scroll of identify {!r}, it crumbles to dust.
h - 2 potions of heal wounds {!q} The centaur closely misses you. x2
Really quaff
g - an inky potion {!q}?
It was a potion of agility {!q}.
You feel agile all of a sudden. You block the centaur's attack.
You barely miss the centaur.
The centaur is heavily wounded.
The centaur completely misses you.
You hit the centaur.
The centaur is heavily wounded.
You block the centaur's attack. x2
You hit the centaur.
The centaur is severely wounded.
The centaur closely misses you.
You hit the centaur but do no damage.
The centaur is severely wounded.
The centaur hits you!
* * * LOW HITPOINT WARNING * * *
Really quaff
h - 2 potions of heal wounds {!q}?
You feel much better. The centaur misses you. The centaur closely misses you.
Really read
f - 2 scrolls of identify {!r}?
As you read the scroll of identify {!r}, it crumbles to dust.
q - a potion of flight {!q} The centaur hits you!
* * * LOW HITPOINT WARNING * * *
Really read
f - a scroll of identify {!r}?
As you read the scroll of identify {!r}, it crumbles to dust.
r - a scroll of random uselessness {!r} You block the centaur's attack.
The centaur hits you!
* * * LOW HITPOINT WARNING * * *
Casting: Ensorcelled Hibernation
Confirm with . or Enter, or press ? or * to list all spells.
Aiming: Ensorcelled Hibernation
Press: ? - help, Shift-Dir - straight line, f/p - centaur
Aim: a centaur (severely wounded, chance to defeat MR: 47%)
The centaur resists with some effort.
You block the centaur's attack.
Unknown command.
You closely miss the centaur.
The centaur is severely wounded.
The centaur closely misses you. The centaur hits you.
* * * LOW HITPOINT WARNING * * *
Unknown command.
You hit the centaur but do no damage.
The centaur is severely wounded.
The centaur completely misses you.
Really quaff
h - a potion of heal wounds {!q}?
You feel much better. The centaur completely misses you.
You hit the centaur.
The centaur is severely wounded.
The centaur hits you!
* * * LOW HITPOINT WARNING * * *
The centaur hits you.
* * * LOW HITPOINT WARNING * * *
You hit the centaur.
The centaur is almost dead.
The centaur hits you!
You die...

.........##.#.###
#........# ............#.#
#..#..#### #####.#.......#
#.......
...###############...##.#.
........%...%..<...........
##### ##...........#.# ###
#..............
#..........#.. #.....@....#
. #....c.....# #....._....#
#..........#
#..........#..#
#..........#..#
#........%.#>.#
#.#######..#..# #? #.##..#


You could see a centaur.

Vanquished Creatures
  An elf zombie (Ossuary)
  A bullfrog (D:4)
  A scorpion (D:5)
  2 centaur zombies (Ossuary)
  A crimson imp (D:5)
  2 hounds
  2 orc wizards (D:5)
  A human zombie (Ossuary)
  A worker ant (D:4)
  A big kobold zombie (Ossuary)
  2 hound zombies (Ossuary)
  A hound skeleton (D:4)
  3 mummies (Ossuary)
  2 adders
  7 adder zombies (Ossuary)
  A worm (D:4)
  5 orcs
  2 giant cockroaches (D:4)
  3 goblins
  A hobgoblin (D:3)
  A quokka (D:4)
  A bat (D:3)
  A gnoll zombie (Ossuary)
  5 goblin zombies (Ossuary)
  5 hobgoblin zombies (Ossuary)
  2 jackal zombies (Ossuary)
  A kobold (D:3)
  3 kobold zombies (Ossuary)
  4 quokka zombies (Ossuary)
  3 rats
  4 rat zombies (Ossuary)
70 creatures vanquished.

Vanquished Creatures (others)
  5 dream sheep (D:5)
5 creatures vanquished.

Grand Total: 75 creatures vanquished

Notes
Turn   | Place    | Note
-------+----------+-------------------------------------------
     0 | D:1      | Amnesiac the Deep Elf Enchanter began the quest for the Orb.
     0 | D:1      | Reached XP level 1. HP: 10/10 MP: 6/6
   131 | D:2      | Noticed Sigmund
   267 | D:4      | Noticed a hound
   269 | D:4      | Killed a hound
   269 | D:4      | Reached XP level 2. HP: 15/15 MP: 8/8
   269 | D:4      | Reached XP level 3. HP: 19/19 MP: 9/9
   283 | D:3      | Learned a level 3 spell: Confuse
   287 | D:3      | Learned a level 3 spell: Tukima's Dance
   307 | D:3      | Found a bloodstained altar of Trog.
   379 | D:4      | Reached skill level 5 in Stealth
   379 | D:4      | Reached XP level 4. HP: 24/24 MP: 4/11
   386 | D:4      | Learned a level 2 spell: Ensorcelled Hibernation
   472 | D:4      | Found Siasa's Gadget Boutique.
   531 | D:5      | Entered Level 5 of the Dungeon
   542 | D:5      | Reached skill level 1 in Shields
   626 | D:5      | Found a sand-covered staircase.
   635 | Ossuary  | Entered an ossuary
  1237 | Ossuary  | Reached XP level 5. HP: 27/28 MP: 3/12
  1510 | Ossuary  | Reached XP level 6. HP: 18/32 MP: 8/13
  1629 | Ossuary  | Learned a level 2 spell: Blink
  2022 | Ossuary  | Reached skill level 5 in Hexes
  2472 | D:4      | Reached XP level 7. HP: 36/36 MP: 14/14
  2494 | D:4      | Learned a level 2 spell: Call Imp
  2572 | D:4      | Noticed a dagger
  2572 | D:4      | Noticed a dagger
  2578 | D:4      | Found a hide-covered altar of Uskayaw.
  2704 | D:4      | Found a burning altar of Makhleb.
  2704 | D:4      | Noticed a cacodemon
  3159 | D:5      | Noticed a dream sheep
  3159 | D:5      | Noticed a dream sheep
  3159 | D:5      | Noticed a dream sheep
  3159 | D:5      | Noticed a dream sheep
  3159 | D:5      | Noticed a dream sheep
  3159 | D:5      | Found a shimmering altar of Xom.
  3163 | D:5      | Killed a dream sheep
  3163 | D:5      | Killed a dream sheep
  3163 | D:5      | Killed a dream sheep
  3165 | D:5      | Killed a dream sheep
  3166 | D:5      | Killed a dream sheep
  3363 | D:5      | HP: 1/36 [centaur (4)]
  3380 | D:5      | Slain by a centaur

Skill      XL: |  1  2  3  4  5  6  7 |
---------------+----------------------+-----
Stealth        | 4 5 6 |  6.0
Shields        | 2 3 4 |  4.0
Hexes          | 5 6 |  6.1
Short Blades   | 2 |  2.3
Spellcasting   | 4 |  4.0
Dodging        | |  2.4

Action                   |  1- 3 |  4- 6 |  7- 9 || total
-------------------------+-------+-------+-------++-------
Melee: Dagger            |    28 |   307 |    26 ||   361
 Cast: Corona            |     5 |       |       ||     5
       Confuse           |     4 |    31 |     2 ||    37
       Ensorcelled Hiber |       |     5 |    13 ||    18
  Use: Scroll            |       |     1 |     3 ||     4
       Potion            |       |       |     5 ||     5
 Stab: Sleeping          |     3 |    10 |     6 ||    19
       Confused          |     4 |    19 |       ||    23
  Eat: Meat ration       |       |     1 |       ||     1
       Chunk             |       |     3 |     2 ||     5
       Fruit             |       |     1 |       ||     1
Armor: Robe              |     2 |    36 |     1 ||    39
Dodge: Dodged            |    15 |   104 |    16 ||   135
Block: Buckler           |       |    40 |    10 ||    50
